TOP OF THE 1ST |
Athletic Club Kansas City Athletics batting - Pitching for Atlanta Smoke : LHP Jesús Martínez
|
Pitching: LHP Jesús Martínez
|
|
Batting: SHB David Henderson
|
0-0: Swinging Strike 0-1: Swinging Strike 0-2: Foul Ball, location: 2F 0-2: Ball 1-2: Ball 2-2: Foul Ball, location: 2F 2-2: Foul Ball, location: 2F 2-2: SINGLE (Line Drive, 8RS)
|
Batting: RHB Yoshio Matsuo
|
0-0: Called Strike 0-1: Ball 1-1: Ball 2-1: Foul Ball, location: 2F 2-2: Strikes out swinging
|
Batting: LHB Emílio Sáenz
|
0-0: Ball 1-0: Swinging Strike 1-1: Ball 2-1: Swinging Strike 2-2: Strikes out swinging
|
Batting: RHB Cory Staton
|
0-0: Ball 1-0: Ball 2-0: Swinging Strike 2-1: DOUBLE (Line Drive, 7LM) David Henderson to third
|
Batting: RHB Harry Fuller
|
0-0: Foul Ball, location: 2F 0-1: Ball 1-1: Fly out, F8 (Line Drive, 89S)
|
Top of the 1st over - 0 run(s), 2 hit(s), 0 error(s), 2 left on base; Athletic Club Kansas City 0 - Atlanta 0 |
BOTTOM OF THE 1ST |
Atlanta Smoke batting - Pitching for Athletic Club Kansas City Athletics : RHP Michael Battle
|
Pitching: RHP Michael Battle
|
|
Batting: LHB Egidio Agnolutto
|
0-0: Swinging Strike 0-1: Called Strike 0-2: Ball 1-2: Foul Ball, location: 2F 1-2: Ball 2-2: Ground out 6-3 (Groundball, 6)
|
Batting: RHB Júlio Castillo
|
0-0: Ball 1-0: Ball 2-0: Foul Ball, location: 2F 2-1: Ball 3-1: Called Strike 3-2: Foul Ball, location: 2F 3-2: Base on Balls
|
Batting: RHB Chris Smith
|
0-0: SINGLE (Line Drive, 4D) Júlio Castillo to second
|
Batting: LHB Armando Esparza
|
0-0: Ball 1-0: Ball 2-0: Foul Ball, location: 2F 2-1: Swinging Strike 2-2: Fly out, F4 (Popup, 9S)
|
Batting: RHB Nate Cates
|
0-0: Foul Ball, location: 2F 0-1: Fly out, F8 (Flyball, 8RXD)
|
Bottom of the 1st over - 0 run(s), 1 hit(s), 0 error(s), 2 left on base; Athletic Club Kansas City 0 - Atlanta 0 |
TOP OF THE 2ND |
Athletic Club Kansas City Athletics batting - Pitching for Atlanta Smoke : LHP Jesús Martínez
|
Batting: RHB Ramón Souza
|
0-0: Ball 1-0: Called Strike 1-1: Ball 2-1: SINGLE (Groundball, 56D)
|
Batting: LHB Chris Rice
|
0-0: SINGLE (Line Drive, 4) Ramón Souza to second
|
Batting: LHB Bob Davis
|
0-0: Ball 1-0: Ball 2-0: Called Strike 2-1: SINGLE (Groundball, 34D) Ramón Souza to third Chris Rice to second
|
Batting: RHB Michael Battle
|
0-0: Swinging Strike 0-1: Called Strike 0-2: Ball 1-2: Ball 2-2: Foul Ball, location: 2F 2-2: Fly out, F5 (Popup, 15)
|
Batting: SHB David Henderson
|
0-0: Ball 1-0: Ball 2-0: Swinging Strike 2-1: Ball 3-1: Called Strike 3-2: Foul Ball, location: 2F 3-2: Strikes out swinging
|
Batting: RHB Yoshio Matsuo
|
0-0: Ball 1-0: Ball 2-0: Ball 3-0: Base on Balls Ramón Souza scores Chris Rice to third Bob Davis to second
|
Batting: LHB Emílio Sáenz
|
0-0: Called Strike 0-1: Swinging Strike 0-2: Strikes out swinging
|
Top of the 2nd over - 1 run(s), 3 hit(s), 0 error(s), 3 left on base; Athletic Club Kansas City 1 - Atlanta 0 |
BOTTOM OF THE 2ND |
Atlanta Smoke batting - Pitching for Athletic Club Kansas City Athletics : RHP Michael Battle
|
Batting: LHB Roberto Rodríguez
|
0-0: Ground out 4-3 (Groundball, 4M)
|
Batting: RHB Scott Forrest
|
0-0: SINGLE (Line Drive, 6MD)
|
Batting: LHB Mike Blue
|
0-0: Ball 1-0: Ball 2-0: Foul Ball, location: 2F 2-1: Ball 3-1: Base on Balls Scott Forrest to second
|
Batting: LHB Jesús Martínez
|
0-0: Ball 1-0: Sac Bunt - play at first, batter OUT! 1-4 Scott Forrest to third Mike Blue to second
|
Batting: LHB Egidio Agnolutto
|
0-0: Foul Ball, location: 2F 0-1: Called Strike 0-2: SINGLE (Groundball, 34) Scott Forrest scores Mike Blue to third Runner from 3rd tries for Home, SAFE, no throw or cutoff
|
Batting: RHB Júlio Castillo
|
0-0: Ball Egidio Agnolutto steals 2nd base 1-0: Ball 2-0: Swinging Strike 2-1: Foul Ball, location: 2F 2-2: Ball 3-2: Strikes out looking
|
Bottom of the 2nd over - 2 run(s), 2 hit(s), 0 error(s), 1 left on base; Athletic Club Kansas City 1 - Atlanta 2 |
TOP OF THE 3RD |
Athletic Club Kansas City Athletics batting - Pitching for Atlanta Smoke : LHP Jesús Martínez
|
Batting: RHB Cory Staton
|
0-0: Called Strike 0-1: Ball 1-1: Reached on error, E5 (Groundball, 56)
|
Batting: RHB Harry Fuller
|
0-0: Ball 1-0: Ball 2-0: Called Strike 2-1: Swinging Strike 2-2: Strikes out swinging
|
Batting: RHB Ramón Souza
|
0-0: Ball 1-0: Ball 2-0: Called Strike 2-1: Swinging Strike 2-2: Strikes out swinging
|
Batting: LHB Chris Rice
|
0-0: Called Strike 0-1: Ball 1-1: Ball 2-1: Foul Ball, location: 2F 2-2: Strikes out swinging
|
Top of the 3rd over - 0 run(s), 0 hit(s), 1 error(s), 1 left on base; Athletic Club Kansas City 1 - Atlanta 2 |
BOTTOM OF THE 3RD |
Atlanta Smoke batting - Pitching for Athletic Club Kansas City Athletics : RHP Michael Battle
|
Batting: RHB Chris Smith
|
0-0: Ball 1-0: Ball 2-0: Ball 3-0: Called Strike 3-1: Base on Balls
|
Batting: LHB Armando Esparza
|
0-0: Called Strike 0-1: Ball 1-1: Called Strike 1-2: 2-RUN HOME RUN (Flyball, 89XD), Distance : 429 ft
|
Batting: RHB Nate Cates
|
0-0: Called Strike 0-1: Called Strike 0-2: Ball 1-2: Fly out, F9 (Flyball, 9D)
|
Batting: LHB Roberto Rodríguez
|
0-0: Ground out 5-3 (Groundball, 56)
|
Batting: RHB Scott Forrest
|
0-0: Called Strike 0-1: Ground out 4-3 (Groundball, 4)
|
Bottom of the 3rd over - 2 run(s), 1 hit(s), 0 error(s), 0 left on base; Athletic Club Kansas City 1 - Atlanta 4 |
TOP OF THE 4TH |
Athletic Club Kansas City Athletics batting - Pitching for Atlanta Smoke : LHP Jesús Martínez
|
Batting: LHB Bob Davis
|
0-0: Called Strike 0-1: Ball 1-1: Fly out, F8 (Flyball, 8LXD)
|
Pinch Hitting: LHB Tony Reynolds
|
0-0: Foul Ball, location: 2F 0-1: Ball 1-1: Ball 2-1: Foul Ball, location: 2F 2-2: Strikes out swinging
|
Batting: SHB David Henderson
|
0-0: Ball 1-0: Foul Ball, location: 2F 1-1: Ball 2-1: Called Strike 2-2: Foul Ball, location: 2F 2-2: SINGLE (Line Drive, 6MD)
|
Batting: RHB Yoshio Matsuo
|
0-0: Ball 1-0: Fielders Choice at 2nd, U6 (Groundball, 6M)
|
Top of the 4th over - 0 run(s), 1 hit(s), 0 error(s), 1 left on base; Athletic Club Kansas City 1 - Atlanta 4 |
BOTTOM OF THE 4TH |
Atlanta Smoke batting - Pitching for Athletic Club Kansas City Athletics : RHP Michael Battle
|
Pitching: RHP Byron Rogers
|
|
Batting: LHB Mike Blue
|
0-0: Ball 1-0: Called Strike 1-1: Ball 2-1: Fly out, F5 (Popup, 5F)
|
Batting: LHB Jesús Martínez
|
0-0: Called Strike 0-1: Ball 1-1: Ball 2-1: Swinging Strike 2-2: Ball 3-2: Fly out, F9 (Flyball, 89M)
|
Batting: LHB Egidio Agnolutto
|
0-0: Ball 1-0: Foul Ball, location: 2F 1-1: Foul Ball, location: 2F 1-2: Strikes out swinging
|
Bottom of the 4th over - 0 run(s), 0 hit(s), 0 error(s), 0 left on base; Athletic Club Kansas City 1 - Atlanta 4 |
TOP OF THE 5TH |
Athletic Club Kansas City Athletics batting - Pitching for Atlanta Smoke : LHP Jesús Martínez
|
Batting: LHB Emílio Sáenz
|
0-0: Called Strike 0-1: Ball 1-1: Swinging Strike 1-2: Strikes out looking
|
Batting: RHB Cory Staton
|
0-0: Called Strike 0-1: Ball 1-1: Ball 2-1: Called Strike 2-2: SINGLE (Flyball, 34D)
|
Batting: RHB Harry Fuller
|
0-0: Fly out, F3 (Popup, 3SF)
|
Batting: RHB Ramón Souza
|
0-0: Ball 1-0: Called Strike 1-1: Fielders Choice at 2nd, 6-4 (Groundball, 6)
|
Top of the 5th over - 0 run(s), 1 hit(s), 0 error(s), 0 left on base; Athletic Club Kansas City 1 - Atlanta 4 |
BOTTOM OF THE 5TH |
Atlanta Smoke batting - Pitching for Athletic Club Kansas City Athletics : RHP Byron Rogers
|
Batting: RHB Júlio Castillo
|
0-0: Ball 1-0: Ball 2-0: Called Strike 2-1: Ball 3-1: Base on Balls
|
Batting: RHB Chris Smith
|
0-0: Ball 1-0: Called Strike 1-1: Grounds into double play, 6-4-3 (Groundball, 6)
|
Batting: LHB Armando Esparza
|
0-0: Ball 1-0: Ball 2-0: Ball 3-0: Base on Balls
|
Batting: RHB Nate Cates
|
0-0: Ball 1-0: Called Strike 1-1: Called Strike 1-2: Foul Ball, location: 2F 1-2: Strikes out looking
|
Bottom of the 5th over - 0 run(s), 0 hit(s), 0 error(s), 1 left on base; Athletic Club Kansas City 1 - Atlanta 4 |
TOP OF THE 6TH |
Athletic Club Kansas City Athletics batting - Pitching for Atlanta Smoke : LHP Jesús Martínez
|
Batting: LHB Chris Rice
|
0-0: Called Strike 0-1: Called Strike 0-2: Ball 1-2: Ball 2-2: Strikes out swinging
|
Batting: LHB Bob Davis
|
0-0: Ball 1-0: Fly out, F8 (Line Drive, 8LD)
|
Pinch Hitting: RHB Rick Atkinson
|
0-0: Called Strike 0-1: Foul Ball, location: 2F 0-2: Strikes out swinging
|
Top of the 6th over - 0 run(s), 0 hit(s), 0 error(s), 0 left on base; Athletic Club Kansas City 1 - Atlanta 4 |
BOTTOM OF THE 6TH |
Atlanta Smoke batting - Pitching for Athletic Club Kansas City Athletics : RHP Byron Rogers
|
Pitching: RHP Manuel Hernández
|
|
Batting: LHB Roberto Rodríguez
|
0-0: Ball 1-0: Ground out 4-3 (Groundball, 4)
|
Batting: RHB Scott Forrest
|
0-0: SINGLE (Line Drive, 4MD)
|
Batting: LHB Mike Blue
|
0-0: Ball 1-0: Ball 2-0: Swinging Strike 2-1: Called Strike 2-2: Foul Ball, location: 2F 2-2: Strikes out swinging
|
Pinch Hitting: LHB Rick Harrison
|
0-0: Ball 1-0: Ball 2-0: Called Strike 2-1: Ball 3-1: Called Strike 3-2: DOUBLE (Line Drive, 9LM) Scott Forrest to third Scott Forrest scores
|
Batting: LHB Egidio Agnolutto
|
0-0: Swinging Strike 0-1: Ball 1-1: SINGLE (Groundball, 3S) (infield hit) Rick Harrison to third
|
Batting: RHB Júlio Castillo
|
Pickoff Throw to First - Out!
|
Bottom of the 6th over - 1 run(s), 3 hit(s), 0 error(s), 0 left on base; Athletic Club Kansas City 1 - Atlanta 5 |
TOP OF THE 7TH |
Athletic Club Kansas City Athletics batting - Pitching for Atlanta Smoke : LHP Jesús Martínez
|
Pitching: RHP Mike Farrell
|
|
Batting: SHB David Henderson
|
0-0: Ball 1-0: Ball 2-0: Ball 3-0: Called Strike 3-1: TRIPLE (Line Drive, 3L)
|
Batting: RHB Yoshio Matsuo
|
0-0: Ball Wild Pitch! David Henderson scores 1-0: Called Strike 1-1: Swinging Strike 1-2: Fly out, F3 (Popup, 3F)
|
Batting: LHB Emílio Sáenz
|
0-0: SINGLE (Groundball, 6M)
|
Batting: RHB Cory Staton
|
0-0: Ball 1-0: Ball 2-0: Called Strike 2-1: Ball 3-1: Fly out, F9 (Flyball, 9D)
|
Batting: RHB Harry Fuller
|
0-0: Called Strike Passed Ball! Emílio Sáenz to second 0-1: Foul Ball, location: 2F 0-2: Ground out 6-3 (Groundball, 56)
|
Top of the 7th over - 1 run(s), 2 hit(s), 0 error(s), 1 left on base; Athletic Club Kansas City 2 - Atlanta 5 |
BOTTOM OF THE 7TH |
Atlanta Smoke batting - Pitching for Athletic Club Kansas City Athletics : RHP Manuel Hernández
|
Batting: RHB Júlio Castillo
|
0-0: Ball 1-0: Ground out 6-3 (Groundball, 6M)
|
Batting: RHB Chris Smith
|
0-0: Called Strike 0-1: Foul Ball, location: 2F 0-2: Strikes out looking
|
Batting: LHB Armando Esparza
|
0-0: Foul Ball, location: 2F 0-1: Swinging Strike 0-2: Ball 1-2: Ball 2-2: Strikes out swinging
|
Bottom of the 7th over - 0 run(s), 0 hit(s), 0 error(s), 0 left on base; Athletic Club Kansas City 2 - Atlanta 5 |
TOP OF THE 8TH |
Athletic Club Kansas City Athletics batting - Pitching for Atlanta Smoke : RHP Mike Farrell
|
Batting: RHB Ramón Souza
|
0-0: Ball 1-0: Ball 2-0: Called Strike 2-1: Ball 3-1: Fly out, F8 (Flyball, 8RM)
|
Batting: LHB Chris Rice
|
0-0: Ball 1-0: Foul Ball, location: 2F 1-1: Ball 2-1: Swinging Strike 2-2: Ball 3-2: Base on Balls
|
Pitching: RHP Fred Pitts
|
|
Batting: LHB Bob Davis
|
0-0: Called Strike 0-1: Fly out, F6 (Popup, 6D)
|
Pinch Hitting: RHB Steve Brandon
|
0-0: Ball 1-0: Swinging Strike 1-1: Ball 2-1: Fielders Choice at 2nd, U6 (Groundball, 6M)
|
Top of the 8th over - 0 run(s), 0 hit(s), 0 error(s), 1 left on base; Athletic Club Kansas City 2 - Atlanta 5 |
BOTTOM OF THE 8TH |
Atlanta Smoke batting - Pitching for Athletic Club Kansas City Athletics : RHP Manuel Hernández
|
Pitching: RHP Manuel Núñez
|
|
Batting: RHB Nate Cates
|
0-0: Ball 1-0: Ball 2-0: Called Strike 2-1: Swinging Strike 2-2: Strikes out swinging
|
Batting: LHB Roberto Rodríguez
|
0-0: Ball 1-0: Fly out, F7 (Flyball, 7S)
|
Batting: RHB Scott Forrest
|
0-0: Called Strike 0-1: Foul Ball, location: 2F 0-2: Foul Ball, location: 2F 0-2: SINGLE (Groundball, 56)
|
Batting: LHB Mike Blue
|
0-0: Ball 1-0: Foul Ball, location: 2F 1-1: Swinging Strike 1-2: Strikes out swinging
|
Bottom of the 8th over - 0 run(s), 1 hit(s), 0 error(s), 1 left on base; Athletic Club Kansas City 2 - Atlanta 5 |
TOP OF THE 9TH |
Athletic Club Kansas City Athletics batting - Pitching for Atlanta Smoke : RHP Fred Pitts
|
Pitching: RHP Brandon Bannatyne
|
|
Now in RF: Francisco Gonzáles
|
|
Batting: SHB David Henderson
|
0-0: Foul Ball, location: 2F 0-1: Ground out 6-3 (Groundball, 6)
|
Batting: RHB Yoshio Matsuo
|
0-0: Swinging Strike 0-1: Ball 1-1: Foul Ball, location: 2F 1-2: Foul Ball, location: 2F 1-2: Ball 2-2: SINGLE (Line Drive, 4MD)
|
Batting: LHB Emílio Sáenz
|
0-0: Swinging Strike 0-1: Foul Ball, location: 2F 0-2: Ball 1-2: Foul Ball, location: 2F 1-2: Ball 2-2: Foul Ball, location: 2F 2-2: Strikes out swinging
|
Batting: RHB Cory Staton
|
0-0: Called Strike 0-1: Swinging Strike 0-2: Ground out 6-3 (Groundball, 6)
|
Top of the 9th over - 0 run(s), 1 hit(s), 0 error(s), 1 left on base; Athletic Club Kansas City 2 - Atlanta 5 |
|